 Dungeon Crawl Stone Soup version 0.26-a0-664-gc8b27b8fc1 (webtiles) character file.

Game seed: 5009644216626646787

145 PentaManta the Vandal (level 5, -2/25 HPs)
             Began as a Spriggan Hunter on Oct 13, 2020.
             Slain by an orc priest
             ... wielding a +2 mace of holy wrath
              (9 damage)
             ... on level 3 of the Dungeon.
             The game lasted 00:03:49 (1800 turns).

PentaManta the Vandal (Spriggan Hunter)             Turns: 1800, Time: 00:03:49

Health: -2/25      AC:  4    Str: 14    XL:     5   Next: 6%
Magic:  6/6        EV: 18    Int: 13    God:
Gold:   148        SH:  0    Dex: 17    Spells: 4/4 levels left

rFire    . . .     SeeInvis +   j - +3 short sword
rCold    . . .     Faith    .   (shield restricted)
rNeg     . . .     Spirit   .   m - +2 robe
rPois    .         Reflect  .   (helmet restricted)
rElec    .         Harm     .   (no cloak)
rCorr    .         Rampage  .   (gloves unavailable)
MR       .....                  (boots unavailable)
Stlth    ++........             (no amulet)
HPRegen  0.08/turn              r - +6 ring of strength
MPRegen  0.10/turn              (no ring)

@: very quick
A: very small, unfitting armour, see invisible, speed 3
a: no special abilities


You were on level 3 of the Dungeon.
You visited 1 branch of the dungeon, and saw 4 of its levels.

You collected 148 gold pieces.

Inventory:

Hand Weapons
 a - a +1 hunting sling
 f - a +0 vampiric dagger
 j - a +3 short sword (weapon)
 o - a +0 dagger of draining
Missiles
 d - 20 sling bullets
 n - 21 stones (quivered)
Armour
 m - a +2 robe (worn)
Jewellery
 r - a +6 ring of strength (left hand)
Wands
 q - a wand of paralysis (7)
Scrolls
 c - a scroll of fear {unknown}
 e - a scroll of teleportation {unknown}
 g - a scroll of remove curse {unknown}
 h - 2 scrolls of identify {unknown}
 i - a scroll of enchant weapon {unknown}
 k - 2 scrolls of blinking {unknown}
 p - a scroll of immolation {unknown}
 s - a scroll of enchant armour {unknown}
Potions
 b - a potion of invisibility {unknown}
 l - a potion of heal wounds {unknown}


   Skills:
 - Level 1.5 Fighting
 + Level 7.7 Slings
 - Level 3.0 Dodging
 - Level 1.5 Stealth


You had 4 spell levels left.
You didn't know any spells.
Your spell library was empty.

Dungeon Overview and Level Annotations

Branches:
Dungeon (4/15)
 Temple: D:4-7

Altars:
Zin


Innate Abilities, Weirdness & Mutations

You are very small and have problems with some larger weapons.
You are too small for most types of armour.
You have supernaturally acute eyesight. (SInv)
You cover ground extremely quickly.


Message History

The stone closely misses the orc priest.
The orc priest hits you with a +2 mace of holy wrath!
You are too injured to fight recklessly!
You are too injured to fight recklessly!
You are too injured to fight recklessly!
You are too injured to fight recklessly!
Quiver which item? (- for none, * to show all) (? for menu, Esc to quit)
Okay, then.
j - a +3 short sword (weapon)
You hit the orc priest.
The orc priest is lightly wounded.
The orc priest hits you with a +2 mace of holy wrath.
* * * LOW HITPOINT WARNING * * *
You hit the orc priest.
The orc priest is heavily wounded.
The orc priest closely misses you.
You hit the orc priest.
The orc priest is almost dead.
The orc priest hits you with a +2 mace of holy wrath!
You die...

#.#.#.....# ######
#.........#####....#######
#.###.#............_......
#.###.#..####...>..#######
#........# ##...###
#.###.#..# ##†##
#.###.#..# #.# #........#
#.# #.......## ##@##
#####.### ##..o## #.#
##....(## ##.##
##.......##
##...####.........####...
#.......'.........((.)o.(
##...####.........####...
##.## ##.......## #.#
##..†..##


You could see an orc priest.

Vanquished Creatures
  Jessica (D:2)
  Robin (D:2)
  4 adders
  An ooze (D:4)
  A worm (D:2)
  A dart slug (D:1)
  3 leopard geckos
  3 orcs (D:3)
  12 hobgoblins
  5 kobolds
  2 quokkas
  5 bats
  2 frilled lizards
  10 goblins
  4 rats
55 creatures vanquished.

Notes
Turn   | Place    | Note
-------+----------+-------------------------------------------
     0 | D:1      | PentaManta the Spriggan Hunter began the quest for the Orb.
     0 | D:1      | Reached XP level 1. HP: 10/10 MP: 2/2
    80 | D:1      | Reached skill level 5 in Slings
   305 | D:1      | Reached XP level 2. HP: 14/14 MP: 3/3
   686 | D:2      | Noticed Jessica
   689 | D:2      | Killed Jessica
   689 | D:2      | Reached skill level 6 in Slings
   689 | D:2      | Reached XP level 3. HP: 18/18 MP: 4/4
   822 | D:2      | Noticed Robin
   855 | D:2      | Killed Robin
   855 | D:2      | Reached XP level 4. HP: 8/22 MP: 5/5
  1107 | D:2      | Reached skill level 7 in Slings
  1232 | D:2      | Found a faded altar of an unknown god.
  1548 | D:3      | Found a glowing silver altar of Zin.
  1615 | D:3      | Reached XP level 5. HP: 25/25 MP: 6/6
  1800 | D:3      | Slain by an orc priest

Illustrated notes

Levels and vault maps discovered:
D:1:      dpeg_arrival_simpleton_c, layout_basic, serial_corexii_hall,
          corexii_hall_statues_x, corexii_hall_statues_i,
          chequers_serial_rivers_micro_b
D:2:      layout_rooms, chequers_ecumenical_altar_simple, uniq_robin,
          uniq_jessica
D:3:      layout_loops_corners, overflow_temple_1_default, cheibriados_altar_1
D:4:      layout_cave_pods, minmay_temple_entry_arrows, gammafunk_ghost_cemetery

Skill      XL: |  1  2  3  4 |
---------------+-------------+-----
Slings         | 5 6 7 |  7.7
Fighting       | |  1.5
Dodging        | |  3.0
Stealth        | |  1.5

Action                   |  1- 3 |  4- 6 || total
-------------------------+-------+-------++-------
Melee: Short sword       |       |     3 ||     3
 Fire: Hunting sling     |   108 |    71 ||   179
Armor: Robe              |     5 |     1 ||     6
Dodge: Dodged            |    15 |     9 ||    24

Table legend: (Time is in decaauts)
 A = Elapsed time spent in this place.
 B = Non-inter-level travel time spent in this place.
 C = Inter-level travel time spent in this place.
 D = Time resting spent in this place.
 E = Time spent auto-exploring this place.
 F = Levels seen in this place.
 G = Mean time per level.
                   A        B        C        D        E       F      G
               +--------+--------+--------+--------+--------+-----+--------+
         Total |   1351 |   1327 |     24 |    139 |    856 |   4 |  337.8 |
       Dungeon |   1351 |   1327 |     24 |    139 |    856 |   4 |  337.8 |
               +--------+--------+--------+--------+--------+-----+--------+

Top non-repeatable levels by time:
     D:2: 633 daAuts
     D:1: 438 daAuts
     D:4: 151 daAuts
     D:3: 128 daAuts
